 Dungeon Crawl Stone Soup version 0.31.0-9-g3a7656b989 (webtiles) character file.

Game seed: 13256152364034389029

42 qw the Shooter (level 3, -2/20 HPs)
             Began as a Deep Elf Hunter on Feb 2, 2024.
             Slain by a goblin
             ... wielding a +0 dagger of speed
             ... led by Robin
              (5 damage)
             ... on level 2 of the Dungeon.
             The game lasted 00:00:04 (897 turns).

qw the Shooter (Deep Elf Hunter)                     Turns: 897, Time: 00:00:04

Health: -2/20      AC:  3    Str: 10    XL:     3   Next: 35%
Magic:  5/5        EV: 12    Int: 13    God:
Gold:   89         SH:  0    Dex: 18    Spells: 2/2 levels left

rFire   . . .        a - +0 shortbow
rCold   . . .        (shield currently unavailable)
rNeg    . . .        c - +0 leather armour
rPois   .            (no helmet)
rElec   .            (no cloak)
rCorr   .            (no gloves)
SInv    .            (no boots)
Will    .....        (no amulet)
Stlth   ++           (no ring)
HPRegen 0.23/turn    (no ring)
MPRegen 0.09/turn

%: no passive effects
@: no status effects
A: no striking features
a: no special abilities


You were on level 2 of the Dungeon.
You visited 1 branch of the dungeon, and saw 2 of its levels.

You collected 89 gold pieces.


   Skills:
 - Level 1.5 Fighting
 + Level 6.9 Ranged Weapons
 - Level 2.4 Dodging
 - Level 1.2 Stealth


You had 2 spell levels left.
You didn't know any spells.
Your spell library was empty.

Inventory:

Hand Weapons
 a - a +0 shortbow (weapon)
Armour
 c - a +0 leather armour (worn)
 e - a +0 scale mail
Wands
 j - a wand of light (6)
Scrolls
 i - a scroll of vulnerability {unknown}
Potions
 b - a potion of might {unknown}
 d - a potion of cancellation {unknown}
 f - a potion of haste {unknown}
 g - a potion of curing
 h - a potion of mutation {unknown}
 k - 2 potions of lignification {unknown}

Dungeon Overview and Level Annotations

Branches:
Dungeon (2/15)

Altars:

Annotations:
D:2 Robin


Message History

A goblin comes into view. It is wielding a +0 club.
Robin roars a battlecry!
The goblins go into a battle-frenzy!
You shoot an arrow. The arrow closely misses the hobgoblin.
The arrow closely misses the goblin.
The arrow hits Robin!
Robin is severely wounded.
A goblin comes into view. It is wielding a +0 dagger of speed.
You shoot an arrow. The arrow closely misses the hobgoblin.
The arrow hits the goblin.
You kill the goblin!
A goblin comes into view. It is wielding a +0 club.
A goblin comes into view. It is wielding a +0 dagger.
You shoot an arrow. The goblin shouts!
The arrow hits the hobgoblin.
You kill the hobgoblin!
Robin throws the goblin at you!
You shoot an arrow. The arrow barely misses the goblin.
The goblin closely misses you.
A goblin comes into view. It is wielding a +0 dagger.
Robin's bangles clink loudly.
You shoot an arrow. The arrow misses the goblin.
The goblin closely misses you.
A goblin comes into view. It is wielding a +0 club.
Robin throws the goblin at you!
You shoot an arrow. The arrow closely misses the goblin.
The goblin shouts!
You hear a shout!
The goblin hits you with a +0 club. The goblin hits you with a +0 dagger.
The goblin misses you.
A goblin comes into view. It is wielding a +0 club.
The goblin closely misses you. The goblin hits you with a +0 dagger.
You shoot an arrow. The arrow hits the goblin.
The goblin is moderately wounded.
The goblin hits you but does no damage. The goblin hits you with a +0 club.
The goblin hits you with a +0 dagger. The goblin barely misses you.
You shoot an arrow. The arrow hits the goblin!
You kill the goblin!
The goblin hits you with a +0 dagger of speed.
You die...

....###..###..##
..............# .##
...........#..+ ..
...........#..# ..
.....##....#.## .#
.............. .#
.........+.... ##.#
###......#######..#.#...
...#####.......g@)ggg)g.
...# #.#.....g#g#.#)..
...# #.#.######.#
...#####+#.## .#
##..........# .#
#..........# .#
##..........# ..
............# .#
#...........#


You could see Robin and 6 goblins.

Vanquished Creatures
  2 ball pythons (D:1)
  6 endoplasms
  8 goblins
  7 hobgoblins
  7 kobolds
  4 bats (D:1)
  A frilled lizard (D:1)
  A rat (D:1)
36 creatures vanquished.

Vanquished Creatures (others)
  A minotaur (D:1)
  2 draconians (D:1)
  2 trolls (D:1)
  A merfolk (D:1)
  A vampire (D:1)
  An elf (D:1)
  A naga (D:1)
  2 demigods (D:1)
  An oni (D:1)
  A barachi (D:1)
  2 gnolls (D:1)
  8 tentacles (D:1)
23 creatures vanquished.

Grand Total: 59 creatures vanquished

Notes
Turn   | Place    | Note
-------+----------+-------------------------------------------
     0 | D:1      | qw the Deep Elf Hunter began the quest for the Orb.
     0 | D:1      | Reached XP level 1. HP: 12/12 MP: 3/3
     0 | D:1      | 0 ||| qw: Version: 0.3-a-155-g5e7d8dd
     0 | D:1      | 0 ||| qw: Game counter: 1793
     0 | D:1      | 0 ||| qw: Melee chars always use a shield: true
     0 | D:1      | 0 ||| qw: God list: Okawaru
     0 | D:1      | 0 ||| qw: Allow faded altars: false
     0 | D:1      | 0 ||| qw: Do Orc after clearing Dungeon:15 true
     0 | D:1      | 0 ||| qw: Do second Lair branch before Depths: true
     0 | D:1      | 0 ||| qw: Lair rune preference: random
     0 | D:1      | 0 ||| qw: Goals: Normal
     0 | D:1      | 0 ||| PLANNING D:1-11
     3 | D:1      | Killed a vampire
     4 | D:1      | Noticed a minotaur
     4 | D:1      | Noticed a troll
     4 | D:1      | Noticed a demigod
     4 | D:1      | Noticed a merfolk
     4 | D:1      | Noticed an elf
     4 | D:1      | Noticed a kraken
     4 | D:1      | Noticed an oni
     4 | D:1      | Noticed a draconian
     4 | D:1      | Noticed a demigod
     4 | D:1      | Noticed a draconian
     4 | D:1      | Noticed a naga
     4 | D:1      | Noticed a troll
     4 | D:1      | Noticed a barachi
     4 | D:1      | Killed a demigod
     6 | D:1      | Killed a troll
     7 | D:1      | Killed a merfolk
     9 | D:1      | Killed an oni
     9 | D:1      | Killed a naga
    12 | D:1      | Killed a demigod
    12 | D:1      | Killed a draconian
    12 | D:1      | Killed a minotaur
    12 | D:1      | Killed a troll
    13 | D:1      | 13 ||| DROPPING scroll of butterflies.
    15 | D:1      | Killed an elf
    16 | D:1      | Killed a draconian
    18 | D:1      | Killed a barachi
    60 | D:1      | Reached XP level 2. HP: 16/16 MP: 4/4
   107 | D:1      | Reached skill level 6 in Ranged Weapons
   645 | D:1      | 645 ||| READING scroll labelled ZITTEONIRE.
   646 | D:1      | 646 ||| READING scroll labelled NAUCSOH VIZE.
   650 | D:1      | 650 ||| DRINKING 2 ruby potions.
   682 | D:2      | Reached XP level 3. HP: 20/20 MP: 5/5
   724 | D:2      | Found a faded altar of an unknown god.
   888 | D:2      | Noticed Robin
   896 | D:2      | HP: 3/20 [goblin/+0 dagger[Robin] (3)]
   897 | D:2      | Slain by a goblin

Levels and vault maps discovered:
D:1:      nicolae_arrival_kraken_aquarium_b, layout_loops_ring
D:2:      layout_basic, hellmonk_ecumenical_altar_lost_god, serial_bayou,
          serial_bayou_pond_a, serial_bayou_shore_b, serial_bayou_lake_a,
          serial_bayou_pond_d, corexii_corridor_pit, minmay_pentomino_w4,
          uniq_robin

Skill      XL: |  1  2 |
---------------+-------+-----
Ranged Weapons | 6 |  6.9
Fighting       | |  1.5
Dodging        | |  2.4
Stealth        | |  1.2

Action                     || total
---------------------------++-------
   Fire: Shortbow          ||    85
    Use: Scroll            ||     2
         Potion            ||     1
 Armour: Leather armour    ||    27
  Dodge: Dodged            ||    14

Table legend:
 A = Non-vault XP
 B = Vault XP
 C = Vault XP percentage of total XP
 D = Non-vault monster count
 E = Vault monster count
 F = Vault count percentage of total count
                 A         B        C        D         E       F
            +---------+---------+-------+---------+---------+-------
      Total |      51 |      11 |  17.7 |      30 |       6 |  16.7
            +---------+---------+-------+---------+---------+-------
        D:1 |      40 |       0 |   0.0 |      24 |       0 |   0.0
        D:2 |      11 |      11 |  50.0 |       6 |       6 |  50.0
            +---------+---------+-------+---------+---------+-------
